 Dungeon Crawl Stone Soup version 0.31-a0-473-g61b50ae490 (webtiles) character file.

Game seed: 3164439089082244766

246228 Zonian the Champion of Chaos (level 19, -21/169 HPs)
             Began as an Octopode Shapeshifter on Aug 5, 2023.
             Was the Champion of Makhleb.
             Killed from afar by a deep elf annihilator (42 damage)
             ... with a crystal spear
             ... on level 2 of the Elven Halls on Aug 6, 2023.
             The game lasted 02:20:34 (55960 turns).

Zonian the Champion of Chaos (OpSh)                Turns: 55960, Time: 02:20:35

Health: -21/169    AC: 16    Str: 37    XL:     19   Next: 50%
Magic:  0/59       EV: 21    Int: 11    God:    Makhleb [******]
Gold:   584        SH:  0    Dex: 14    Spells: 28/32 levels left

rFire   . .          .
                       - Unarmed
rCold   . . .        (shield currently unavailable)
rNeg    . . .        (helmet currently unavailable)
rPois   +            c - amulet of guardian spirit
rElec   .            S - +6 ring of strength
rCorr   .            Z - ring of poison resistance
SInv    .            o - +4 ring of protection
Will    +....        w - +5 ring of evasion
Stlth   +++++        q - +6 ring of strength
HPRegen 0.48/turn    r - ring of magical power
MPRegen 0.36/turn    u - ring of magical power
                     h - ring of magical power

%: guardian spirit
@: snake-form, on blink cooldown, slowed, studying 2 skills, very slow
A: constrict, boosted hp, almost no armour, amphibious, 8 rings, large,
(camouflage 1), (gelatinous body 1), (nimble swimmer 1), (tentacles)
}: 2/15 runes: barnacled, gossamer
a: Begin Untransformation, Renounce Religion, Minor Destruction, Lesser Servant
of Makhleb, Major Destruction, Greater Servant of Makhleb


You were on level 2 of the Elven Halls.
You worshipped Makhleb.
Makhleb was exalted by your worship.
You were an enormous anaconda.
You visited 6 branches of the dungeon, and saw 32 of its levels.
You visited the Abyss 1 time.
You visited 1 bazaar.
You also visited: Gauntlet.

You collected 3070 gold pieces.
You spent 2486 gold pieces at shops.

Inventory:

Missiles
 P - 2 throwing nets
Jewellery
 c - an amulet of guardian spirit (around neck)
 d - the amulet of Doubts {Acrobat Harm rCorr Int+5 Dex-5}
   (You found it in a Gauntlet)

   [amulet of the acrobat]

   It increases your evasion while moving and waiting.
   Int:       It affects your intelligence (+5).
   Dex:       It affects your dexterity (-5).
   rCorr:     It protects you from acid and corrosion.
   Harm:      It increases damage dealt and taken.
 g - a +6 ring of dexterity
 h - a ring of magical power (on tentacle)
 o - a +4 ring of protection (on tentacle)
 q - a +6 ring of strength (on tentacle)
 r - a ring of magical power (on tentacle)
 u - a ring of magical power (on tentacle)
 w - a +5 ring of evasion (on tentacle)
 S - a +6 ring of strength (left tentacle)
 Z - a ring of poison resistance (right tentacle)
Talismans
 y - a serpent talisman (active)
 D - a blade talisman
 X - a dragon-blood talisman
Wands
 b - a wand of polymorph (3)
 p - a wand of charming (12)
 v - a wand of digging (9)
 x - a wand of quicksilver (11)
 z - a wand of flame (50)
 F - a wand of mindburst (16)
 Q - a wand of iceblast (8)
Scrolls
 i - 6 scrolls of blinking
 j - 5 scrolls of poison
 k - 6 scrolls of identify
 l - 3 scrolls of summoning
 t - 2 scrolls of fear
 A - 6 scrolls of revelation
 B - 3 scrolls of fog
 G - 8 scrolls of teleportation
 K - 3 scrolls of silence
 U - a scroll of amnesia
Potions
 a - 4 potions of lignification
 e - 13 potions of curing
 f - 3 potions of magic
 n - 3 potions of brilliance
 s - 6 potions of resistance
 C - 3 potions of cancellation
 J - 5 potions of enlightenment
 L - 6 potions of berserk rage
 M - 4 potions of invisibility
 N - 5 potions of ambrosia
 T - 7 potions of heal wounds
 V - 4 potions of might
 W - 5 potions of haste
Miscellaneous
 R - a phantom mirror
 Y - a lightning rod (3/4)


   Skills:
 + Level 15.8 Fighting
 - Level 15.0 Dodging
 - Level 12.0 Stealth
 + Level 16.0 Unarmed Combat
 - Level 7.1 Spellcasting
 - Level 8.0 Translocations
 - Level 18.0 Invocations
 - Level 4.0 Evocations
 + Level 13.6 Shapeshifting


You had 28 spell levels left.
You knew the following spells:

 Your Spells              Type           Power      Damage    Failure   Level
a - Blink                 Tloc           42%        N/A       1%          2
b - Lesser Beckoning      Tloc           42%        N/A       1%          2

Your spell library contained the following spells:

 Spells                   Type           Power      Damage    Failure   Level
 Gell's Gravitas          Tloc           21%        N/A       1%          3
 Teleport Other           Tloc           21%        N/A       1%          3
 Manifold Assault         Tloc           21%        N/A       6%          4
 Vhi's Electric Charge    Tloc/Air       24%        N/A       10%         3
 Volatile Blastmotes      Fire/Tloc      24%        2d12      10%         3
 Magic Dart               Conj           12%        1d3       17%         1
 Necrotise                Necr           12%        1d4       17%         1
 Sandblast                Erth           6%         2d5       17%         1
 Sting                    Tmut/Pois      12%        1d3       17%         1
 Summon Small Mammal      Summ           12%        N/A       17%         1
 Cigotuvi's Dreadful Rot  Necr/Pois/Air  6%         N/A       26%         2
 Ensorcelled Hibernation  Hex/Ice        6%         N/A       26%         2
 Passwall                 Tmut/Erth      2%         N/A       26%         2
 Poisonous Vapours        Pois/Air       6%         N/A       26%         2
 Searing Ray              Conj           6%         2d4       26%         2
 Wereblood                Tmut           3%         N/A       26%         2
 Dazzling Flash           Conj/Hex       6%         N/A       45%         3
 Ignite Poison            Fire/Tmut/Pois 3%         N/A       45%         3
 Stone Arrow              Conj/Erth      6%         3d7       45%         3
 Swiftness                Air            3%         N/A       45%         3
 Vampiric Draining        Necr           3%         2d6       45%         3
 Summon Forest            Summ/Tloc      6%         N/A       67%         5
 Dispersal                Tloc           10%        N/A       69%         6
 Cause Fear               Hex            1%         N/A       86%         4
 Fulminant Prism          Conj/Hex       1%         3d5       86%         4
 Olgreb's Toxic Radiance  Pois           3%         N/A       86%         4
 Petrify                  Tmut/Erth      3%         N/A       86%         4
 Sticky Flame             Conj/Fire      3%         2d3       86%         4
 Summon Ice Beast         Ice/Summ       3%         N/A       86%         4
 Agony                    Necr           3%         N/A       99%         5
 Alistair's Intoxication  Tmut/Pois      2%         N/A       99%         5
 Arcjolt                  Conj/Air       1%         1d11      99%         5
 Borgnjor's Vile Clutch   Necr/Erth      1%         N/A       99%         5
 Fireball                 Conj/Fire      1%         3d3       99%         5
 Freezing Cloud           Conj/Ice/Air   1%         6-21      99%         5
 Summon Mana Viper        Hex/Summ       3%         N/A       99%         5
 Yara's Violent Unravell  Hex/Tmut       1%         3d3       99%         5
 Eringya's Noxious Bog    Tmut/Pois      1%         4d6       100%        6
 Starburst                Conj/Fire      1%         6d3       100%        6
 Monstrous Menagerie      Summ           1%         N/A       100%        7
 Ozocubu's Refrigeration  Ice            1%         4d7       100%        7
 Borgnjor's Revivificati  Necr           1%         N/A       100%        8
 Ignition                 Fire           1%         3d3       100%        8
 Maxwell's Capacitive Co  Air            1%         ∞         100%        8
 Chain Lightning          Conj/Air       1%         3d2       100%        9
 Dragon's Call            Summ           1%         N/A       100%        9
 Fire Storm               Conj/Fire      1%         8d1       100%        9
 Shatter                  Erth           1%         3d6*      100%        9


Dungeon Overview and Level Annotations

Branches:
Dungeon (15/15)            Temple (0/1) D:4            Lair (5/5) D:10
 Shoals (4/4) Lair:2       Spider (4/4) Lair:2        Slime (0/5) Lair:5
    Orc (2/2) D:9             Elf (2/3) Orc:2        Vaults (0/5) D:13
 Depths (0/4) D:15        Gauntlet (visited)

Altars:
Cheibriados
Dithmenos
Makhleb
Okawaru
Sif Muna
Xom
Jiyva
Lugonu

Shops:
D:7 :   D:8 :   D:10 [::?*(   Orc:1 *   Orc:2 ![*[   Elf:2 [[(

Portals:
Abyss: Lair:5

Annotations:
D:6 2 transporters, 1 runed translucent door, Crazy Yiuf; runemasterragnar's ghost, novice OpSh
D:8 Gastronok
D:10 2 transporters, 1 runed translucent door, CraigForest's ghost, journeyman DrSh
Shoals:4 Roxanne
Spider:4 2 transporters, exclusion: oklob plant, Dojos's ghost, adept NaFi
Orc:2 Rupert
Elf:1 1 runed translucent door


Innate Abilities, Weirdness & Mutations

You are an enormous anaconda.
You have a powerful constriction melee attack.
Your maximum health is increased.
Your armour is entirely melded.
You are incapable of wielding weapons or throwing items.
You cannot wear most types of armour.
You are amphibious.
You can wear up to eight rings at the same time.
((Your skin changes colour to match your surroundings (Stealth+).))
((Your rubbery body absorbs attacks. (AC +1, EV +1)))
((You are camouflaged when in or above water. (Stealth+)))
((You have tentacles for arms and can constrict up to eight enemies at once.))


Message History

You feel better.
The +2 trident of venom completely misses you.
The deep elf pyromancer mumbles some strange words.
The deep elf pyromancer blinks!
The deep elf pyromancer gestures wildly while chanting.
Your lightning rod (3/4) has regained one charge.
Your Unarmed Combat skill increases to level 16!
The +2 trident of venom hits you from afar! x2
Unknown command.
You lash the deep elf pyromancer! You grab the deep elf pyromancer.
The deep elf pyromancer is moderately wounded.
You constrict the deep elf pyromancer!
A +0 halberd of flaming comes into view.
The +2 trident of venom hits you from afar.
A deep elf annihilator comes into view. It is wielding a +0 short sword.
The deep elf pyromancer casts a spell at you.
The sticky flame misses you.
The deep elf pyromancer gestures wildly while chanting.
The deep elf pyromancer blinks!
Casting: Lesser Beckoning (safe; 1% risk of failure)
Confirm with . or Enter, or press ? or * to list all spells.
You blink.
You lose your grip on the deep elf pyromancer.
A water elemental comes into view.
Found an escape hatch in the ceiling.
You are engulfed in blazing flames.
* * * LOW HITPOINT WARNING * * *
The fire elemental completely misses you.
The +0 halberd of flaming hits you!!
* * * LOW HITPOINT WARNING * * *
The +0 halberd of flaming burns you.
* * * LOW HITPOINT WARNING * * *
The deep elf annihilator is engulfed in blazing flames.
The deep elf annihilator hits you with a +0 short sword.
* * * LOW HITPOINT WARNING * * *
The fire elemental closely misses you.
The +0 halberd of flaming hits you but does no damage.
The deep elf annihilator is engulfed in blazing flames.
The deep elf annihilator points at you and mumbles some strange words.
The crystal spear hits you!!!
You die...

#.# #.# .. #### #.# ## .
##...# #)# #.# E##......
##)#### #.# .........
##)#..# #.# #....$!..
'#...)# #.###<.......
....P(#######E##e...<...
......'....§e(eES#
....P.#########(e#
'#..<.# ##.... ####..##
##...∩. #≈≈≈#### # .)...
~≈≈≈≈#... #....
..∩≈≈#...[ #...
~~≈≈≈#...... ##.#
[≈≈≈.+...(..


You could see 2 deep elf annihilators, 2 water elementals, 2 deep elf
pyromancers, a fire elemental (summoned) and 2 dancing weapons.

Vanquished Creatures
  Jorgrun (Elf:2)
  Mlioglotl (Spider:2)
  Polyphemus (Shoals:2)
  Frances (Shoals:1)
  Agnes (D:15)
  Kirke (Shoals:4)
  8 emperor scorpions
  2 deep elf sorcerers (Elf:1)
  Louise (Spider:1)
  2 ghost moths
  A cacodemon (Gauntlet)
  A very ugly thing (D:15)
  Azrael (Spider:2)
  A deep elf annihilator (Elf:1)
  A minotaur (Gauntlet)
  A spark wasp (Spider:3)
  5 merfolk impalers
  3 merfolk javelineers
  Josephine (Orc:2)
  6 entropy weavers
  A great orb of eyes (D:15)
  A rakshasa (D:15)
  A vault guard (D:13)
  6 hydras
  An ogre mage (D:15)
  A death knight (D:14)
  A merfolk avatar (Shoals:4)
  5 two-headed ogres
  4 boulder beetles
  3 jorogumos
  5 merfolk aquamancers
  2 catoblepae
  Erica (Lair:2)
  4 radroaches
  A death scarab (Spider:3)
  A satyr (Shoals:3)
  8 centaur warriors
  8 death yaks
  A tengu warrior (D:13)
  5 dancing weapons
  4 thrashing horrors (Lair:5)
  8 demonic crawlers
  8 skysharks
  Sonja (Lair:2)
  Urug (Lair:2)
  3 deep elf knights (Elf:1)
  A fire crab (Gauntlet)
  3 skeletal warriors (D:15)
  5 pharaoh ants
  A sun moth (Spider:2)
  3 sea snakes
  6 orb spiders
  A phantasmal warrior (D:14)
  18 harpies
  A lindwurm (Lair:2)
  21 deep elf pyromancers
  14 steelbarb worms
  8 deep elf archers
  8 orc knights
  12 fauns
  19 deep elf zephyrmancers
  2 orc sorcerers
  15 wolf spiders
  An oklob plant (Lair:2)
  A large abomination (Lair:5)
  16 ugly things
  A salamander (shapeshifter) (Elf:1)
  15 manticores
  4 moths of wrath
  7 merfolk sirens
  6 torpor snails
  4 cyclopes
  A water nymph (Shoals:4)
  3 smoke demons (Lair:5)
  9 black mambas
  9 elephants
  10 cane toads
  Maggie (D:8)
  A komodo dragon (shapeshifter) (D:13)
  A kobold demonologist (D:10)
  2 freezing wraiths (D:14)
  3 komodo dragons
  A tengu conjurer (D:15)
  3 yaktaurs (D:15)
  A queen bee (shapeshifter) (Elf:2)
  17 merfolk
  15 tarantellas
  10 trolls
  7 meliai
  A tyrant leech (shapeshifter) (D:15)
  3 wind drakes
  3 polar bears
  4 hornets
  A troll (shapeshifter) (D:12)
  Grinder (D:6)
  A hornet (shapeshifter) (Lair:5)
  A raiju (shapeshifter) (Elf:2)
  30 blink frogs
  Prince Ribbit (D:9)
  8 snapping turtles
  4 dream sheep (Lair:3)
  2 raiju (Lair:5)
  2 air elementals (Elf:1)
  2 centaur simulacra
  14 slime creatures
  17 culicivoras
  9 wraiths
  2 spriggans (Lair:5)
  A shadow (D:7)
  13 jumping spiders
  4 basilisks
  A vampire (D:9)
  13 water elementals
  8 wyverns
  4 fire elementals
  2 humans (D:7)
  71 yaks
  Grum (D:9)
  3 chaos spawn (Lair:5)
  3 fire bats (Gauntlet)
  14 small abominations (Lair:5)
  A steam dragon (D:8)
  2 vampire mosquitoes (D:13)
  2 acid dragons
  23 redbacks
  12 water moccasins
  4 wargs (Orc:2)
  Duvessa (D:4)
  2 hell hounds (Spider:2)
  A sky beast (D:7)
  A black bear (shapeshifter) (Lair:5)
  36 orc warriors
  9 ogres
  5 black bears
  20 wolves
  18 centaurs
  4 phantoms
  5 kobold brigands
  11 bullfrogs
  8 scorpions
  2 gnoll sergeants
  5 wights (D:8)
  Dowan (D:4)
  4 troll zombies (D:9)
  9 killer bees
  6 electric eels
  6 howler monkeys
  A lava snake (D:10)
  A gnoll bouda (D:8)
  5 jellies
  12 orc priests
  2 hounds (D:6)
  3 iguanas
  2 sleepcaps
  Terence (D:3)
  17 orc wizards
  2 ogre zombies (D:9)
  Robin (D:4)
  23 gnolls
  12 adders
  13 white imps
  An ufetubus (D:6)
  4 dart slugs
  79 orcs
  6 bats
  6 endoplasms
  4 giant cockroaches
  12 hobgoblins
  2 jackals (D:2)
  27 kobolds
  4 quokkas
  10 ball pythons
  A frilled lizard (D:1)
  8 goblins
  2 goblin zombies (D:9)
  An orc skeleton (D:9)
  16 orc zombies (D:9)
  8 rats
  4 tentacles (Shoals:3)
1144 creatures vanquished.

Vanquished Creatures (collateral kills)
  Bai Suzhen (Shoals:4)
  Donald (Orc:2)
  An entropy weaver (Spider:2)
  A merfolk aquamancer (Shoals:4)
  2 boulder beetles
  A two-headed ogre (D:15)
  A pharaoh ant (Spider:2)
  A sea snake (Shoals:4)
  A deep elf archer (Elf:1)
  2 deep elf zephyrmancers (Elf:1)
  2 harpies (Shoals:4)
  A wolf spider (Spider:2)
  2 manticores (Shoals:4)
  2 wind drakes (Shoals:4)
  2 tarantellas
  A slime creature (D:15)
  2 water elementals (Shoals:4)
  2 redbacks
26 creatures vanquished.

Vanquished Creatures (others)
  A boulder beetle (Spider:4)
  3 deep elf zephyrmancers (Elf:1)
  A snapping turtle (Shoals:3)
  5 dream sheep (D:4)
  A water elemental (Shoals:2)
  3 humans (Shoals:4)
  An orc priest (Orc:2)
  2 tentacles (Shoals:3)
17 creatures vanquished.

Grand Total: 1187 creatures vanquished

Notes
Turn   | Place    | Note
-------+----------+-------------------------------------------
     0 | D:1      | Zonian the Octopode Shapeshifter began the quest for the
                  | Orb.
     0 | D:1      | Reached XP level 1. HP: 13/13 MP: 1/1
   103 | D:1      | Reached XP level 2. HP: 18/18 MP: 2/2
   366 | D:1      | Reached XP level 3. HP: 19/24 MP: 3/3
   874 | D:2      | Found a faded altar of an unknown god.
   886 | D:2      | Prayed at the altar of an unknown god.
   886 | D:2      | Became a worshipper of Makhleb the Destroyer
   886 | D:2      | Reached * piety under Makhleb
  1187 | D:2      | Reached XP level 4. HP: 27/30 MP: 4/4
  1717 | D:3      | Noticed Terence
  1721 | D:3      | Killed Terence
  1900 | D:3      | Reached XP level 5. HP: 34/35 MP: 5/5
  2141 | D:3      | Reached ** piety under Makhleb
  2701 | D:4      | Noticed Duvessa
  2703 | D:4      | Noticed Dowan
  3000 | D:4      | Noticed a kobold brigand
  3007 | D:4      | Killed a kobold brigand
  3008 | D:4      | Reached XP level 6. HP: 42/42 MP: 4/6
  3009 | D:4      | Found a shadowy altar of Dithmenos.
  3459 | D:4      | Noticed a dream sheep
  3459 | D:4      | Noticed a dream sheep
  3459 | D:4      | Noticed a dream sheep
  3459 | D:4      | Noticed a dream sheep
  3459 | D:4      | Noticed a dream sheep
  3459 | D:4      | Found a shimmering altar of Xom.
  3463 | D:4      | Killed a dream sheep
  3463 | D:4      | Killed a dream sheep
  3464 | D:4      | Killed a dream sheep
  3464 | D:4      | Killed a dream sheep
  3464 | D:4      | Killed a dream sheep
  3552 | D:4      | Killed Duvessa
  3553 | D:4      | Reached skill level 5 in Unarmed Combat
  3553 | D:4      | Reached XP level 7. HP: 32/48 MP: 3/7
  3559 | D:4      | Killed Dowan
  4001 | D:4      | Identified the +0 quarterstaff of Laceration {vamp, rPois
                  | rF++ Will-}
  4034 | D:4      | Found a staircase to the Ecumenical Temple.
  4075 | D:4      | Noticed Robin
  4088 | D:4      | Killed Robin
  4212 | D:4      | Learned a level 2 spell: Blink
  4222 | D:5      | Entered Level 5 of the Dungeon
  4471 | D:5      | Reached *** piety under Makhleb
  4770 | D:5      | Reached skill level 5 in Shapeshifting
  4786 | D:5      | Reached skill level 5 in Fighting
  4786 | D:5      | Reached XP level 8. HP: 54/55 MP: 8/8
  5131 | D:5      | Identified the +6 long sword of the Enemy {heavy, Dex+4}
  5191 | D:5      | Found a shimmering blue altar of Sif Muna.
  5239 | D:6      | Found a transporter.
  6063 | D:6      | Found a transporter.
  6064 | D:6      | Noticed a two-headed ogre
  6068 | D:6      | Noticed runemasterragnar's ghost (novice OpSh)
  6183 | D:6      | Noticed Grinder
  6397 | D:6      | Reached skill level 1 in Stealth
  6463 | D:6      | Found a runed translucent door.
  6464 | D:6      | Noticed Crazy Yiuf
  6518 | D:6      | Killed Grinder
  6519 | D:6      | Reached XP level 9. HP: 49/63 MP: 9/9
  7528 | D:7      | Reached **** piety under Makhleb
  7867 | D:7      | Found an iron altar of Okawaru.
  8390 | D:7      | Found Riuh's Book Shoppe.
  9040 | D:8      | Noticed Gastronok
  9368 | D:8      | Reached skill level 5 in Dodging
  9548 | D:8      | Found Nuqyz's Vocational Training.
  9741 | D:8      | Noticed Maggie
  9750 | D:8      | Killed Maggie
  9751 | D:8      | Reached XP level 10. HP: 70/72 MP: 10/10
 10798 | D:8      | Noticed a two-headed ogre
 10808 | D:8      | Killed a two-headed ogre
 10972 | D:8      | Noticed a two-headed ogre
 10988 | D:8      | Killed a two-headed ogre
 11224 | D:9      | Found a staircase to the Orcish Mines.
 11283 | D:9      | Reached XP level 11. HP: 45/78 MP: 11/11
 11446 | D:9      | Reached ***** piety under Makhleb
 11786 | D:9      | Noticed Prince Ribbit
 11794 | D:9      | Killed Prince Ribbit
 12231 | D:9      | Noticed Grum
 12248 | D:9      | Killed Grum
 12617 | D:10     | Entered Level 10 of the Dungeon
 12617 | D:10     | Found a staircase to the Lair.
 12915 | D:10     | Found a transporter.
 12916 | D:10     | Found a transporter.
 12932 | D:10     | Noticed CraigForest's ghost (journeyman DrSh)
 12959 | D:10     | Found Qulythrao's Antique Armour Boutique.
 12967 | D:10     | Found Simiunnotana's Book Shop.
 12968 | D:10     | Found Loczorph's Magic Scroll Shop.
 12968 | D:10     | Found Ycvid's Assorted Antiques.
 13007 | D:10     | Found Ofizxaeh's Book Boutique.
 13007 | D:10     | Found Cegiph's Weapon Shop.
 13032 | D:10     | Bought a long lead wand for 112 gold pieces
 13032 | D:10     | Bought a scroll of teleportation for 84 gold pieces
 13038 | D:10     | Bought a scroll of teleportation for 48 gold pieces
 13038 | D:10     | Bought a scroll of blinking for 120 gold pieces
 13038 | D:10     | Bought a scroll of teleportation for 48 gold pieces
 13431 | D:10     | Noticed a glowing orange brain
 13432 | D:10     | Found a runed translucent door.
 13434 | D:10     | Noticed a great orb of eyes
 13434 | D:10     | Noticed a great orb of eyes
 13591 | D:10     | Found a snail-covered altar of Cheibriados.
 13599 | D:10     | Reached skill level 10 in Dodging
 13607 | D:10     | Reached skill level 10 in Unarmed Combat
 13625 | D:10     | Noticed a centaur warrior
 13873 | D:10     | Killed a centaur warrior
 14122 | D:10     | Noticed a salamander
 14170 | Lair:1   | Entered Level 1 of the Lair of Beasts
 14376 | Lair:1   | Reached skill level 10 in Fighting
 14390 | Lair:1   | Reached XP level 12. HP: 81/87 MP: 12/12
 15454 | Lair:1   | Reached ****** piety under Makhleb
 15805 | Lair:2   | Noticed Urug
 15877 | Lair:2   | Noticed Sonja
 16015 | Lair:2   | Found a hole to the Spider Nest.
 16042 | Lair:2   | Killed Urug
 16133 | Lair:2   | Noticed Erica
 16137 | Lair:2   | Killed Erica
 16138 | Lair:2   | Reached skill level 1 in Evocations
 16341 | Lair:2   | Reached XP level 13. HP: 95/95 MP: 13/13
 16500 | Lair:2   | Reached skill level 10 in Shapeshifting
 16582 | Lair:2   | Reached skill level 1 in Invocations
 16724 | Lair:2   | Killed Sonja
 16725 | Lair:2   | Reached skill level 2 in Invocations
 16827 | Lair:2   | Reached skill level 3 in Invocations
 16850 | Lair:2   | Found a staircase to the Shoals.
 17303 | Lair:2   | Reached skill level 4 in Invocations
 17883 | Lair:2   | Reached skill level 5 in Invocations
 18108 | Lair:2   | Reached skill level 6 in Invocations
 18613 | Lair:3   | Reached skill level 7 in Invocations
 18718 | Lair:3   | Reached skill level 8 in Invocations
 18718 | Lair:3   | Reached skill level 1 in Translocations
 18744 | Lair:3   | Identified the +2 glaive "Xaojeegim" {flame, rC+ Str+2}
 19400 | Lair:4   | Reached skill level 5 in Stealth
 20032 | Lair:4   | Reached XP level 14. HP: 101/101 MP: 20/20
 20062 | Lair:4   | Identified the +3 mace of the Boiling Point {protect, rPois
                  | Will- Str+7}
 20375 | Lair:5   | Entered Level 5 of the Lair of Beasts
 20769 | Lair:4   | Reached skill level 9 in Invocations
 21243 | Lair:5   | Reached skill level 10 in Invocations
 21645 | Lair:5   | Found the +4 moon troll leather armour {Spirit, Regen++
                  | MP+5}
 21738 | Lair:5   | Reached skill level 11 in Invocations
 22127 | Lair:5   | Reached skill level 12 in Invocations
 22513 | Lair:5   | Identified the +2 quarterstaff of Spite {pain, rC+++}
 22845 | Lair:5   | Found a corrupted altar of Lugonu.
 22845 | Lair:5   | Found a one-way gate to the infinite horrors of the Abyss.
 23049 | Lair:5   | Found a viscous altar of Jiyva.
 23050 | Lair:5   | Found a staircase to the Slime Pits.
 24382 | D:12     | Found a gate leading to a gauntlet.
 24429 | Gauntlet | Entered a Gauntlet
 24429 | Gauntlet | Found a transporter.
 24429 | Gauntlet | Found a transporter.
 24433 | Gauntlet | Found a runed translucent door.
 24436 | Gauntlet | Found a transporter.
 24480 | Gauntlet | Found a transporter.
 24505 | Gauntlet | Found a transporter.
 24508 | Gauntlet | Found a transporter.
 24531 | Gauntlet | Found a transporter.
 24582 | Gauntlet | Found a transporter.
 24582 | Gauntlet | Found a transporter.
 24767 | Gauntlet | Got Isuxon's Verses on Vicissitude
 24775 | Gauntlet | Found a runed translucent gate.
 24775 | Gauntlet | Noticed a cacodemon
 24776 | Gauntlet | Found a transporter.
 24776 | Gauntlet | Found a runed translucent gate.
 24777 | Gauntlet | Found a runed translucent gate.
 24798 | Gauntlet | Found a transporter.
 24830 | Gauntlet | Found a transporter.
 24844 | Gauntlet | Killed a cacodemon
 24845 | Gauntlet | Reached skill level 1 in Spellcasting
 24845 | Gauntlet | Reached XP level 15. HP: 108/108 MP: 24/24
 24848 | Gauntlet | Identified the amulet of Doubts {Acrobat Harm rCorr Int+5
                  | Dex-5}
 24859 | Gauntlet | Found a transporter.
 24870 | Gauntlet | Identified the +8 hand axe "Toahu" {heavy, *Noise rF- Str+4
                  | Int+9}
 24881 | Gauntlet | Identified the +1 morningstar "Ipnane" {freeze, rF+ rC++
                  | Stlth-}
 24882 | Gauntlet | Got Rycluedgh's Quarto of Elliptic Hoarfrost
 27248 | D:13     | Found a gate to the Vaults.
 27717 | D:13     | Reached skill level 5 in Translocations
 30037 | D:15     | Entered Level 15 of the Dungeon
 30372 | D:15     | Noticed Agnes
 30699 | D:15     | Found a staircase to the Depths.
 31910 | D:15     | Reached skill level 10 in Stealth
 31971 | D:15     | Paralysed by an ogre mage for 2 turns
 31986 | D:15     | Paralysed by something for 5 turns
 32266 | D:15     | Killed Agnes
 32267 | D:15     | Reached XP level 16. HP: 67/116 MP: 21/25
 33639 | D:8      | Bought a manual of Invocations for 880 gold pieces
 33714 | Orc:1    | Entered Level 1 of the Orcish Mines
 33730 | Orc:1    | Found Hemoraus's CLEARANCE SALE!.
 33747 | Orc:1    | Bought a potion of magic for 32 gold pieces
 33747 | Orc:1    | Bought a potion of heal wounds for 20 gold pieces
 33875 | Orc:2    | Entered Level 2 of the Orcish Mines
 34279 | Orc:2    | Found a staircase to the Elven Halls.
 34445 | Orc:2    | Reached skill level 13 in Invocations
 34852 | Orc:2    | Noticed Rupert
 34926 | Orc:2    | Found Riptuywn's Armour Shop.
 34926 | Orc:2    | Found Roddewune's Assorted Antiques.
 34969 | Orc:2    | Bought a scroll of teleportation for 96 gold pieces
 35093 | Orc:2    | Noticed Donald
 35145 | Orc:2    | Killed Donald
 35481 | Orc:2    | Found Turoick's Armour Shop.
 35517 | Orc:2    | Found Kuvaegoi's Distillery.
 35545 | Orc:2    | Bought 2 potions of heal wounds for 100 gold pieces
 35545 | Orc:2    | Bought a potion of heal wounds for 50 gold pieces
 35545 | Orc:2    | Bought a potion of heal wounds for 50 gold pieces
 35545 | Orc:2    | Bought a potion of might for 40 gold pieces
 35545 | Orc:2    | Bought a potion of berserk rage for 50 gold pieces
 35769 | Orc:1    | Noticed Josephine
 35998 | Orc:2    | Killed Josephine
 36473 | Spider:1 | Entered Level 1 of the Spider Nest
 36504 | Spider:1 | Noticed Louise
 36856 | Spider:1 | Killed Louise
 36887 | Spider:1 | Reached skill level 15 in Dodging
 37634 | Spider:1 | Got Toimac's Discourse on Sciomancy and Portals
 38944 | Spider:2 | Identified the +6 war axe of the Hidden Vale {flame, rElec
                  | rPois rF- Str-3}
 38960 | Spider:2 | Noticed Mlioglotl
 38970 | Spider:2 | Killed Mlioglotl
 38976 | Spider:2 | Reached skill level 5 in Spellcasting
 39185 | Spider:2 | Noticed Azrael
 39188 | Spider:2 | Reached skill level 14 in Invocations
 39196 | Spider:2 | Killed Azrael
 39968 | Spider:3 | Reached XP level 17. HP: 122/122 MP: 27/27
 42258 | Spider:4 | Entered Level 4 of the Spider Nest
 44788 | Spider:4 | Reached skill level 15 in Invocations
 46534 | Spider:4 | Found a transporter.
 46712 | Spider:4 | Noticed Dojos's ghost (adept NaFi)
 46719 | Spider:4 | Found a transporter.
 48099 | Spider:4 | Got a gossamer rune of Zot
 48276 | Spider:4 | Learned a level 2 spell: Lesser Beckoning
 48376 | Shoals:1 | Entered Level 1 of the Shoals
 48385 | Shoals:1 | Noticed Frances
 48394 | Shoals:1 | Upgraded the game from 0.31-a0-466-g98c9adc2b6 to
                  | 0.31-a0-473-g61b50ae490
 48407 | Shoals:1 | Killed Frances
 48417 | Shoals:1 | Reached XP level 18. HP: 106/131 MP: 27/29
 50155 | Shoals:2 | Noticed Polyphemus
 50170 | Shoals:2 | Reached skill level 16 in Invocations
 51145 | Shoals:2 | Killed Polyphemus
 51977 | Shoals:3 | Reached skill level 15 in Unarmed Combat
 52420 | Shoals:4 | Entered Level 4 of the Shoals
 52424 | Shoals:4 | Noticed Kirke
 52427 | Shoals:4 | Noticed Bai Suzhen
 52431 | Shoals:4 | Killed Kirke
 52438 | Shoals:4 | Killed Bai Suzhen
 52641 | Shoals:4 | Reached skill level 17 in Invocations
 52702 | Shoals:4 | Reached skill level 15 in Fighting
 53108 | Shoals:4 | Got a barnacled rune of Zot
 53171 | Shoals:4 | Noticed Roxanne
 54092 | Elf:1    | Entered Level 1 of the Elven Halls
 54092 | Elf:1    | Found a runed translucent gate.
 54092 | Elf:1    | Found a runed translucent gate.
 54092 | Elf:1    | Found a runed translucent gate.
 54092 | Elf:1    | Found a runed translucent gate.
 54092 | Elf:1    | Found a runed translucent gate.
 54092 | Elf:1    | Found a runed translucent gate.
 54094 | Elf:1    | Found a runed translucent door.
 54105 | Elf:1    | Reached XP level 19. HP: 134/139 MP: 31/31
 54183 | Elf:1    | Found a flickering gateway to a bazaar.
 54197 | Elf:1    | Paralysed by an air elemental for 1 turns
 54271 | Bazaar   | Entered a bazaar
 54271 | Bazaar   | Found Rimij's General Store.
 54681 | Bazaar   | Found Gawn's Book Boutique.
 54708 | Bazaar   | Found Anunlefi's Assorted Antiques.
 54719 | Bazaar   | Found Ylyoruero's Armour Shoppe.
 54758 | Bazaar   | Bought a potion of heal wounds for 45 gold pieces
 54758 | Bazaar   | Bought a scroll of teleportation for 27 gold pieces
 54758 | Bazaar   | Bought a scroll of blinking for 67 gold pieces
 54758 | Bazaar   | Bought a scroll of silence for 85 gold pieces
 54758 | Bazaar   | Bought a scroll of fear for 36 gold pieces
 54776 | Bazaar   | Bought a potion of invisibility for 256 gold pieces
 54776 | Bazaar   | Bought a scroll of blinking for 240 gold pieces
 54844 | Elf:1    | Reached skill level 18 in Invocations
 55047 | Elf:1    | Got Sif Muna's Atlas of Called Blasting
 55333 | Elf:1    | Paralysed by an air elemental for 1 turns
 55464 | Elf:1    | Found a runed translucent door.
 55652 | Abyss:3  | Cast into level 3 of the Abyss (a deep elf sorcerer)
 55671 | Elf:1    | Escaped the Abyss
 55781 | Elf:2    | Found Seupesm's Armour Shoppe.
 55837 | Elf:2    | Found Lunad's Armour Shop.
 55940 | Elf:2    | Found Itrumew's Weapon Shop.
 55951 | Elf:2    | Noticed Jorgrun
 55957 | Elf:2    | Killed Jorgrun
 55960 | Elf:2    | Killed from afar by a deep elf annihilator

Illustrated notes

Levels and vault maps discovered:
D:1:      co_arrival_two_rings, layout_loops_ring
D:2:      layout_basic, hellmonk_ecumenical_altar_run_dry, cheibrodos_gnoll_hut
D:3:      layout_basic, nicolae_concentric_dashed_squares_mild, uniq_terence
D:4:      layout_basic, kb_xom_exploding_sheep, mainiacjoe_overflow_boulevard,
          minmay_temple_entry_statues, uniq_duvessa, uniq_robin
D:5:      layout_loops_ring, nicolae_sif_muna_little_library
D:6:      layout_loops_corners, gammafunk_ghost_arena, uniq_crazy_yiuf_cottage,
          uniq_grinder
D:7:      layout_basic, okawaru_humans, serial_shops, shop
D:8:      layout_loops_ring, nicolae_shop_vocational, uniq_maggie,
          uniq_gastronok
D:9:      layout_long_grid, zombieorc1_lemuel, serial_bayou_lagoon_b, uniq_grum,
          uniq_prince_ribbit1
D:10:     minmay_gate_of_8, layout_basic, kennysheep_slug_shrine,
          lair_entry_dummy, gammafunk_ghost_hive,
          nicolae_kite_square_tiling_tiny, nicolae_shop_national_dungeon_mall
D:11:     layout_roguey, minmay_circle_x
D:12:     layout_grid_maze, gauntlet_entry_generic, nicolae_letterblocks
          [nicolae_letter_subblock, nicolae_letter_subblock,
          nicolae_letter_subblock, nicolae_letter_subblock,
          nicolae_letter_subblock, nicolae_letter_subblock,
          nicolae_letter_subblock, nicolae_letter_subblock,
          nicolae_letter_subblock, nicolae_letter_subblock,
          nicolae_letter_subblock, nicolae_letter_subblock,
          nicolae_letter_subblock, nicolae_letter_subblock,
          nicolae_letter_subblock, nicolae_letter_subblock,
          nicolae_letter_subblock, nicolae_letter_subblock,
          nicolae_letter_subblock, nicolae_letter_subblock,
          nicolae_letter_subblock, nicolae_letter_subblock,
          nicolae_letter_subblock, nicolae_letter_subblock,
          nicolae_letter_subblock]
D:13:     layout_loops_ring, david_vaults_5, portal_ice_cave_entry_imps,
          minmay_misc_feat_x
D:14:     layout_cave_pools, minmay_misc_feat_alley
D:15:     gammafunk_enter_depths_forms, layout_irregular_city,
          hangedman_abyss_or_decor_lesser_grid, uniq_agnes
Lair:1:   layout_cave_pods, nicolae_volcano_entry_s_turn, lemuel_fruit_tree,
          grunt_megastairs_3
Lair:2:   cheibrodos_lair_overgrown_chateau, layout_cave_pods,
          shoals_dummy_entry, nicolae_spider_entry_non_spiders, uniq_sonja,
          uniq_erica, uniq_urug
Lair:3:   layout_long_grid, serial_bayou, serial_bayou_shore_b,
          serial_bayou_crossing, serial_bayou_shore_b, serial_bayou_shore_a
Lair:4:   layout_regular_city
Lair:5:   hellmonk_lair_end_abyssal_woods, layout_concentric_octagons,
          dpeg_slime_entry_enclosed, grunt_megastairs_5
Shoals:1: layout_shoals, uniq_frances
Shoals:2: layout_shoals, nicolae_shoals_seven_spires, uniq_polyphemus
Shoals:3: layout_shoals
Shoals:4: shoals_end_hangedman, layout_shoals, uniq_kirke, uniq_bai_suzhen,
          uniq_roxanne
Spider:1: layout_spider_delve, drop_trap, uniq_louise
Spider:2: layout_spider_delve, hellmonk_motheaten_closet, uniq_azrael,
          uniq_mlioglotl
Spider:3: layout_spider_delve
Spider:4: hellmonk_spider_rune_bug_friends, nzn_ghost_randoct
Orc:1:    layout_caves, nicolae_shop_clearance, uniq_josephine
Orc:2:    st_orc_town, layout_caves, uniq_donald, uniq_rupert
Elf:1:    nicolae_elf_arrival_dilemma, layout_geoelf_octagon, serial_shops,
          bzr_entry_water, minmay_elf_sorcery
Elf:2:    nicolae_elf_blades_crystal_corner, layout_geoelf_diagonals,
          serial_shops, nicolae_shop_bloodbath_and_beyond,
          nicolae_shop_waterfront, shop, shop, shop, nicolae_take_the_stairs,
          uniq_jorgrun

Skill      XL: |  1  2  3  4  5  6  7  8  9 10 11 12 13 14 15 16 17 18 19 |
---------------+----------------------------------------------------------+-----
Fighting       | 2 3 4 5 6 7 8 10 11 12 13 14 15 | 15.8
Unarmed Combat | 4 5 6 8 9 10 11 12 13 14 15 16 | 16.0
Shapeshifting  | 4 5 6 7 8 9 10 11 12 13 | 13.6
Stealth        | 2 3 8 10 11 12 | 12.0
Dodging        | 5 8 10 12 13 14 15 | 15.0
Evocations     | 2 4 |  4.0
Invocations    | 8 12 14 15 17 18 | 18.0
Translocations | 4 5 7 8 |  8.0
Spellcasting   | 1 3 5 7 |  7.1

Action                     |  1- 3 |  4- 6 |  7- 9 | 10-12 | 13-15 | 16-18 | 19-21 || total
---------------------------+-------+-------+-------+-------+-------+-------+-------++-------
  Melee: Unarmed           |    63 |    81 |   186 |   503 |   923 |  1322 |   168 ||  3246
         Constrict         |    19 |    19 |    42 |    94 |   179 |   303 |    37 ||   693
         Tentacles         |    12 |    18 |    50 |    95 |       |       |       ||   175
         Punch             |     2 |     3 |    10 |    30 |       |       |       ||    45
  Throw: Dart              |       |     1 |     2 |       |       |       |       ||     3
         Boomerang         |       |       |     4 |     4 |       |       |       ||     8
   Cast: Blink             |       |       |       |       |     2 |     3 |     1 ||     6
         Lesser Beckoning  |       |       |       |       |       |     2 |       ||     2
 Invoke: Lesser Servant of |       |       |       |       |     2 |     2 |       ||     4
         Greater Servant o |       |       |       |       |       |     4 |     1 ||     5
Ability: Begin Untransform |       |       |       |     1 |       |       |       ||     1
  Evoke: Wand              |       |     2 |       |     9 |    10 |     6 |       ||    27
         Lightning rod     |       |       |       |       |     7 |     8 |     3 ||    18
         Phantom mirror    |       |       |       |       |       |     1 |       ||     1
    Use: Scroll            |     1 |    12 |     8 |     7 |    10 |    10 |     1 ||    49
         Potion            |       |       |     1 |     3 |     2 |     7 |     1 ||    14
   Stab: Sleeping          |     5 |     9 |     8 |     6 |    14 |    25 |     7 ||    74
         Distracted        |       |       |       |     2 |     4 |     5 |       ||    11
         Petrified         |       |       |       |       |    10 |       |       ||    10
 Armour: Skin              |     4 |     8 |    38 |    79 |   352 |   522 |    35 ||  1038
  Dodge: Dodged            |    44 |    45 |   115 |   334 |   770 |  1518 |   121 ||  2947
   Form: Anaconda          |       |       |       |     1 |       |       |       ||     1

Table legend: (Time is in decaauts)
 A = Elapsed time spent in this place.
 B = Non-inter-level travel time spent in this place.
 C = Inter-level travel time spent in this place.
 D = Time resting spent in this place.
 E = Time spent auto-exploring this place.
 F = Levels seen in this place.
 G = Mean time per level.
                   A        B        C        D        E       F      G
               +--------+--------+--------+--------+--------+-----+--------+
         Total |  55371 |  53010 |   2361 |  25627 |  16419 |  35 | 1582.0 |
       Dungeon |  23842 |  22544 |   1298 |  10529 |   7383 |  15 | 1589.5 |
          Lair |  10301 |   9743 |    558 |   4286 |   3500 |   5 | 2060.2 |
        Shoals |   5101 |   4955 |    146 |   1281 |   2611 |   4 | 1275.2 |
   Spider Nest |  11132 |  11005 |    127 |   7976 |   1361 |   4 | 2783.0 |
  Orcish Mines |   2699 |   2550 |    149 |    893 |    966 |   2 | 1349.5 |
   Elven Halls |   1305 |   1224 |     81 |    105 |    598 |   2 |  652.5 |
         Abyss |     18 |     18 |      0 |      0 |      0 |   1 |   18.0 |
        Bazaar |    519 |    519 |      0 |    397 |      0 |   1 |  519.0 |
      Gauntlet |    449 |    449 |      0 |    159 |      0 |   1 |  449.0 |
               +--------+--------+--------+--------+--------+-----+--------+

Top non-repeatable levels by time:
Spider:4: 3936 daAuts
  Lair:2: 3492 daAuts
    D:13: 2948 daAuts
Spider:3: 2842 daAuts
Spider:2: 2760 daAuts
    D:15: 2393 daAuts
     D:8: 2278 daAuts
     D:6: 2228 daAuts
   Orc:2: 2227 daAuts
  Lair:5: 2196 daAuts
    D:14: 2010 daAuts
  Lair:4: 1818 daAuts
Shoals:2: 1795 daAuts
     D:4: 1721 daAuts
     D:9: 1682 daAuts
